 Dungeon Crawl Stone Soup version 0.16.1-2-g95b8d4c (webtiles) character file.

91725 tablord the Swashbuckler (level 16, -6/93 HPs)
             Began as a Kobold Berserker on Mar 24, 2015.
             Was the Champion of Trog.
             Shot with a sling bullet by a faun (20 damage)
             ... on level 2 of the Shoals on Mar 25, 2015.
             The game lasted 03:18:24 (30440 turns).

tablord the Swashbuckler (Kobold Berserker)        Turns: 30440, Time: 03:18:24

Health: -6/93      AC: 12    Str: 23    XL:     16   Next: 51%
Magic:  16/16      EV: 28    Int: 12    God:    Trog [******]
Gold:   2438       SH:  9    Dex: 17    Spells: 0 memorised, 15 levels left

rFire  . . .     SeeInvis .     b - +5 rapier (speed)
rCold  . . .     Clarity  .     D - +0 troll leather armour
rNeg   . . .     SustAb   .     i - +2 buckler of Monotheism {Str+6 Int+3}
rPois  +         Gourm    .     Z - +2 helmet
rElec  .         Spirit   .     M - +1 cloak (curse)
rCorr  .         Warding  .     m - +0 pair of gloves
rMut   .         Stasis   .     C - +0 pair of boots
MR     +....                    q - amulet of faith
Stlth  ++++......               T - ring of stealth
                                p - ring of poison resistance

@: exhausted, flying, slowed, glowing, very slow, somewhat resistant to hostile
enchantments, stealthy
A: carnivore 3
a: Burn Spellbooks, Berserk, Trog's Hand, Brothers in Arms, Renounce Religion


You were on level 2 of the Shoals.
You worshipped Trog.
Trog was exalted by your worship.
You were full.

You visited 4 branches of the dungeon, and saw 27 of its levels.
You also visited: Labyrinth and Ice Cave.

You collected 2504 gold pieces.
You spent 66 gold pieces at shops.

Inventory:

Hand weapons
 a - a +0 blowgun
 b - a +5 rapier of speed (weapon)
 j - a +6 dagger of protection
 r - a +2 dagger of protection
 u - a +2 antimagic short sword
 O - a +4 blowgun
 Y - a +5 quick blade of piercing
Missiles
 h - 87 poisoned needles
 t - 7 needles of frenzy
Armour
 i - the +2 buckler of Monotheism (worn) {Str+6 Int+3}
   (You acquired it on level 2 of the Lair of Beasts)

   It affects your strength (+6).
   It affects your intelligence (+3).
 m - a +0 pair of gloves (worn)
 C - a +0 pair of boots (worn)
 D - a +0 troll leather armour (worn)
 M - a cursed +1 cloak (worn)
 Z - a +2 helmet (worn)
Jewellery
 k - an uncursed ring of protection from cold
 o - an uncursed ring of protection from cold
 p - a ring of poison resistance (left hand)
 q - an amulet of faith (around neck)
 T - a ring of stealth (right hand)
Magical devices
 A - a wand of disintegration (9)
 B - a wand of teleportation (7)
 J - a wand of invisibility (4)
 K - a wand of confusion (20)
 U - a wand of polymorph (14)
Scrolls
 d - 5 scrolls of enchant armour
 f - a scroll of blinking
 g - a scroll of recharging
 l - 2 scrolls of identify
 y - 5 scrolls of teleportation
 z - 3 scrolls of fear
 F - 7 scrolls of remove curse
 G - 4 scrolls of magic mapping
 I - 3 scrolls of fog
Potions
 e - 3 potions of might
 n - 3 potions of agility
 v - a potion of cancellation
 w - 7 potions of curing
 x - 2 potions of restore abilities
 H - a potion of invisibility
 P - 4 potions of heal wounds
 Q - a potion of flight
Comestibles
 c - 19 meat rations
 s - 2 poisonous chunks of flesh
 L - a beef jerky
 S - 10 slices of pizza


   Skills:
 - Level 8.0 Fighting
 - Level 20.5 Short Blades
 - Level 3.1 Throwing
 - Level 4.2 Armour
 + Level 16.8 Dodging
 - Level 17.0 Stealth
 - Level 6.4 Shields


You had 15 spell levels left.
You didn't know any spells.

Dungeon Overview and Level Annotations

Branches:
Dungeon (13/15)            Temple (0/1) D:4            Lair (8/8) D:9
 Shoals (2/5) Lair:4        Snake (0/5) Lair:3        Slime (0/6) Lair:7
    Orc (4/4) D:11            Elf (0/3) Orc:4        Vaults (0/5) D:13

Altars:
Cheibriados
Dithmenos
Elyvilon
Fedhas
Kikubaaqudgha
Makhleb
Nemelex Xobeh
Okawaru
Qazlal
Sif Muna
Vehumet
Zin
The Shining One
Beogh
Jiyva

Shops:
D:7 [   Orc:4 %(**

Annotations:
D:5 Dowan
Lair:5 exclusion: oklob plant
Lair:7 exclusion: electric eel
Lair:8 exclusions: death yak and door


Innate Abilities, Weirdness & Mutations

You are small and have problems with some larger weapons.
You are carnivorous and can eat meat at any time.


Message History

* * * LOW HITPOINT WARNING * * *
The faun completely misses you. The merfolk closely misses you.
The faun shoots a stone.
The stone hits you.
* * * LOW HITPOINT WARNING * * *
You block the faun's attack.
The faun unwields an uncursed spear.
The faun wields a hunting sling.
The faun shoots a sling bullet.
The sling bullet hits you.
* * * LOW HITPOINT WARNING * * *
The merfolk completely misses you.
The faun unwields an uncursed quarterstaff.
The faun wields an uncursed hunting sling of flaming.
It bursts into flame!
The faun shoots a stone.
You block the stone. The faun completely misses you.
You see here a stone.
The faun shoots a sling bullet.
You block the sling bullet.
The faun shoots a stone.
The stone closely misses you. The merfolk misses you.
Things that are here:
a stone; a sling bullet The faun shoots a sling bullet.
The sling bullet hits you!!
You die...

##(.≈≈.≈≈≈≈≈.##..###....≈≈
.≈≈≈≈≈≈≈...##.####...≈≈
≈≈≈≈≈≈............≈≈≈
≈≈≈≈≈.............≈≈≈
≈≈≈≈.......≈....≈≈≈≈
≈≈≈≈.......>≈...≈≈≈≈≈
.≈≈≈≈≈.≈.(.≈..≈≈≈≈≈≈≈≈
...≈≈≈(≈≈≈.....≈≈.≈≈≈≈
#.≈≈≈≈≈≈.@###......≈≈
##.≈(≈≈≈m.(##(.....≈≈≈
###..≈≈≈≈≈.()((.≈≈..≈≈≈≈
.....###.c(cc≈≈≈≈≈≈≈≈≈≈
≈$...##..c(≈≈≈≈≈≈≈≈≈≈≈≈
≈≈.≈.....(..≈≈≈≈≈≈≈≈≈≈≈≈
≈c≈≈≈.....<...≈≈≈≈≈≈≈≈≈
≈≈≈≈≈......≈..≈≈≈≈≈≈≈≈
≈≈≈.≈≈≈≈≈≈≈≈≈≈≈≈≈≈≈≈


You could see a merfolk and 4 fauns.

Vanquished Creatures
  A tengu reaver (D:13)
  A frost giant (IceCv)
  A dire elephant (Lair:8)
  2 merfolk impalers (Shoals:1)
  4 hydras
  Nessos (D:13)
  2 catoblepae
  A centaur warrior (D:13)
  A merfolk avatar (Shoals:1)
  The ghost of valak23 the Carver, a powerful HuFi of Okawaru (Orc:4)
  7 death yaks
  4 orc high priests (Orc:4)
  A shadow wraith (D:13)
  4 sea snakes (Shoals:1)
  2 unseen horrors
  2 hill giants
  An orc knight (Orc:1)
  2 griffons
  An orc sorcerer (Orc:2)
  2 wizards
  An oklob plant (Shoals:2)
  5 harpies (Shoals:1)
  6 fauns
  4 manticores (Shoals:1)
  A cyclops (D:12)
  An ugly thing (D:12)
  A centaur zombie (D:12)
  3 sirens
  A gargoyle (D:10)
  2 water nymphs (Shoals:2)
  The ghost of ketsa the Cleaver, an experienced HOAK of Lugonu (D:4)
  12 black mambas
  19 spiny frogs
  An efreet (D:13)
  10 komodo dragons
  4 fire drakes
  25 polar bears
  9 trolls
  3 two-headed ogres
  4 merfolk
  4 slime creatures (D:13)
  2 trapdoor spiders (Lab)
  3 basilisks
  14 blink frogs
  A wraith (D:10)
  3 wyverns
  A water elemental (Shoals:1)
  55 yaks
  Eustachio (D:9)
  The ghost of esc the Chiller, an average DrIE (D:3)
  3 deep elf fighters (D:6)
  13 hippogriffs
  4 vampire mosquitoes (D:13)
  2 hungry ghosts
  3 deep elf magi
  7 wargs (Orc:4)
  2 soldier ants
  18 water moccasins
  Menkaure (D:4)
  13 wolves (IceCv)
  3 wasps
  2 porcupines
  20 orc warriors
  4 ice beasts
  4 phantoms
  2 black bears
  13 ogres
  3 boring beetles
  7 centaurs
  Duvessa (D:5)
  11 crocodiles
  4 big kobolds
  2 gnoll sergeants (D:6)
  15 giant frogs
  6 scorpions
  19 killer bees
  A water moccasin skeleton (D:5)
  6 wights
  5 electric eels
  7 crimson imps
  11 hounds
  36 orc priests
  A quasit (D:12)
  3 goliath beetles
  A giant frog zombie (D:7)
  A gnoll shaman (D:7)
  4 jellies
  Crazy Yiuf (D:2)
  3 centaur skeletons
  11 iguanas
  7 worker ants
  29 orc wizards
  2 giant frog skeletons
  4 hell rats (Lair:7)
  32 sheep
  A killer bee zombie (D:10)
  A big kobold zombie (D:12)
  3 mummies
  2 worker ant zombies (D:11)
  10 gnolls
  45 river rats
  31 adders
  12 white imps (D:13)
  4 shadow imps
  3 worms
  An adder zombie (D:5)
  An adder skeleton (D:4)
  3 oozes
  4 giant geckos
  176 orcs
  2 bat skeletons
  3 bat zombies (D:3)
  17 goblins
  17 hobgoblins
  12 quokkas
  5 ball pythons
  23 bats
  5 giant cockroaches
  4 giant newts
  15 jackals
  28 kobolds
  A kobold zombie (D:12)
  16 rats
  2 rat zombies (D:3)
  5 ballistomycetes (D:11)
1038 creatures vanquished.

Vanquished Creatures (collateral kills)
  A minotaur (Lab)
  3 death yaks (Lair:8)
  3 orc high priests (Orc:4)
  A sixfirhy (Orc:4)
  A blue devil (Orc:4)
  2 orc priests (Orc:4)
  4 orcs (Orc:4)
15 creatures vanquished.

Vanquished Creatures (others)
  A two-headed ogre (Lair:8)
  An ogre (Lair:6)
  A giant spore (D:11)
  A ballistomycete (D:11)
  A bush (Lair:8)
  13 fungi
  3 plants (Lair:8)
21 creatures vanquished.

Grand Total: 1074 creatures vanquished

Notes
Turn   | Place    | Note
--------------------------------------------------------------
     0 | D:1      | tablord, the Kobold Berserker, began the quest for the Orb.
     0 | D:1      | Reached XP level 1. HP: 14/14 MP: 1/1
   133 | D:1      | Reached XP level 2. HP: 14/19 MP: 2/2
   505 | D:1      | Reached XP level 3. HP: 13/24 MP: 3/3
   945 | D:2      | HP: 1/24 [poisoned by an adder]
  1182 | D:2      | Reached XP level 4. HP: 19/29 MP: 4/4
  1347 | D:2      | Acquired Trog's second power
  1571 | D:2      | Reached skill level 5 in Short Blades
  2046 | D:2      | Reached XP level 5. HP: 32/34 MP: 5/5
  2128 | D:2      | Noticed Crazy Yiuf
  2134 | D:2      | Killed Crazy Yiuf
  2438 | D:3      | Found a white marble altar of Elyvilon.
  2445 | D:3      | Reached skill level 6 in Short Blades
  2733 | D:3      | Reached XP level 6. HP: 39/39 MP: 6/6
  2736 | D:3      | Reached skill level 7 in Short Blades
  2889 | D:3      | Found an iron altar of Okawaru.
  2889 | D:3      | Found a glowing silver altar of Zin.
  2935 | D:3      | Reached skill level 8 in Short Blades
  2988 | D:3      | Noticed esc's ghost (average DrIE)
  3012 | D:3      | Killed esc's ghost
  3012 | D:3      | Reached skill level 9 in Short Blades
  3012 | D:3      | Reached XP level 7. HP: 40/44 MP: 7/7
  3168 | D:3      | Found a shadowy altar of Dithmenos.
  3177 | D:3      | Found a stormy altar of Qazlal.
  3266 | D:3      | Found an ancient bone altar of Kikubaaqudgha.
  3418 | D:3      | Found a sparkling altar of Nemelex Xobeh.
  3446 | D:4      | Noticed ketsa's ghost (experienced HOAK)
  3460 | D:4      | Killed ketsa's ghost
  3460 | D:4      | Reached skill level 10 in Short Blades
  3460 | D:4      | Reached XP level 8. HP: 44/48 MP: 8/8
  3593 | D:4      | Noticed Menkaure
  3618 | D:4      | Killed Menkaure
  3618 | D:4      | Reached skill level 11 in Short Blades
  3793 | D:4      | Acquired Trog's third power
  3927 | D:4      | Found a burning altar of Makhleb.
  4063 | D:4      | Reached skill level 12 in Short Blades
  4468 | D:4      | Found a snail-covered altar of Cheibriados.
  4700 | D:4      | Found a staircase to the Ecumenical Temple.
  4813 | D:5      | Entered Level 5 of the Dungeon
  4945 | D:5      | Reached skill level 5 in Dodging
  4945 | D:5      | Reached XP level 9. HP: 52/52 MP: 9/9
  5145 | D:5      | Received a gift from Trog
  5262 | D:5      | Noticed Duvessa
  5263 | D:5      | Noticed Dowan
  5314 | D:5      | Killed Duvessa
  6006 | D:6      | Reached skill level 10 in Dodging
  6103 | D:6      | Reached XP level 10. HP: 58/58 MP: 10/10
  6860 | D:6      | Found a deep blue altar of Sif Muna.
  7033 | D:7      | Reached skill level 13 in Short Blades
  7212 | D:7      | Found a shadowy altar of Dithmenos.
  7420 | D:7      | Found Vuema's Armour Shop.
  7656 | D:7      | Reached skill level 14 in Short Blades
  7698 | D:7      | Received a gift from Trog
  8615 | D:8      | Reached skill level 15 in Short Blades
  8676 | D:8      | Received a gift from Trog
  8715 | D:8      | Reached XP level 11. HP: 45/62 MP: 3/11
  9199 | D:8      | Reached skill level 16 in Short Blades
  9332 | D:9      | Reached skill level 1 in Stealth
  9535 | D:9      | Found a radiant altar of Vehumet.
  9584 | D:9      | Noticed Eustachio
  9596 | D:9      | Killed Eustachio
  9596 | D:9      | Reached skill level 5 in Stealth
  9723 | D:9      | Found a staircase to the Lair.
 10164 | D:10     | Entered Level 10 of the Dungeon
 10381 | D:10     | Received a gift from Trog
 10567 | D:10     | Noticed a hill giant
 10575 | D:10     | Killed a hill giant
 10758 | D:10     | Found a glowing golden altar of the Shining One.
 11008 | D:10     | Reached skill level 10 in Stealth
 11348 | Lair:1   | Entered Level 1 of the Lair of Beasts
 12055 | Lair:1   | Received a gift from Trog
 12571 | Lair:2   | Reached XP level 12. HP: 67/67 MP: 4/12
 13606 | Lair:3   | Noticed a six-headed hydra
 13611 | Lair:3   | Killed a six-headed hydra
 13715 | Lair:3   | Received a gift from Trog
 14518 | Lair:3   | Found a staircase to the Snake Pit.
 15222 | Lair:2   | Identified a scroll of acquirement
 15223 | Lair:2   | Got a blackened buckler
 15229 | Lair:2   | Identified the +2 buckler of Monotheism {Str+6 Int+3} (You acquired it on level 2 of the Lair of Beasts)
 15345 | Lair:4   | Received a gift from Trog
 15365 | Lair:4   | Reached skill level 1 in Shields
 15378 | Lair:4   | Reached XP level 13. HP: 72/72 MP: 13/13
 15533 | Lair:4   | Found a staircase to the Shoals.
 15967 | Lair:5   | Found a staircase to the Swamp.
 16019 | Lair:5   | Found a labyrinth entrance.
 16027 | Lab      | Entered a labyrinth
 16149 | Lab      | Noticed a minotaur
 16159 | Lab      | Killed a minotaur
 16431 | Lair:5   | Reached skill level 5 in Shields
 16784 | Lair:5   | Received a gift from Trog
 17172 | Lair:6   | Reached skill level 17 in Short Blades
 18032 | Lair:6   | Reached skill level 18 in Short Blades
 18323 | Lair:6   | Reached XP level 14. HP: 76/76 MP: 14/14
 18713 | Lair:7   | Found a runed door.
 18714 | Lair:7   | Found a viscous altar of Jiyva.
 18715 | Lair:7   | Found a staircase to the Slime Pits.
 19289 | Lair:8   | Entered Level 8 of the Lair of Beasts
 19686 | Lair:7   | Received a gift from Trog
 20012 | Lair:8   | Reached skill level 15 in Dodging
 20058 | Lair:8   | Reached skill level 5 in Fighting
 20370 | Lair:8   | Received a gift from Trog
 21429 | D:10     | Noticed a three-headed hydra
 21433 | D:10     | Killed a three-headed hydra
 21829 | D:11     | Found a staircase to the Orcish Mines.
 21845 | D:11     | Reached skill level 19 in Short Blades
 22092 | D:11     | Received a gift from Trog
 22468 | Orc:1    | Entered Level 1 of the Orcish Mines
 23255 | Orc:1    | Received a gift from Trog
 23525 | Orc:1    | Reached XP level 15. HP: 83/88 MP: 15/15
 24035 | Orc:2    | Received a gift from Trog
 24456 | Orc:4    | Entered Level 4 of the Orcish Mines
 24543 | Orc:4    | Noticed valak23's ghost (powerful HuFi)
 24566 | Orc:4    | Killed valak23's ghost
 24745 | Orc:4    | Found a staircase to the Elven Halls.
 24854 | Orc:4    | Received a gift from Trog
 25223 | Orc:4    | Found Thryaqoerch's Food Shoppe.
 25223 | Orc:4    | Found Zeso's Weapon Boutique.
 25236 | Orc:4    | Reached skill level 20 in Short Blades
 25379 | Orc:4    | Received a gift from Trog
 25391 | Orc:4    | Found a roughly hewn altar of Beogh.
 25697 | Orc:4    | Found Klivvoixyrgh's General Store.
 25697 | Orc:4    | Found Ciagefot's Assorted Antiques.
 25733 | Orc:4    | Bought 3 scrolls of identify for 66 gold pieces
 26218 | D:12     | Received a gift from Trog
 27000 | D:13     | Found a gate to the Vaults.
 27076 | D:13     | Found a frozen archway.
 27097 | D:13     | Received a gift from Trog
 27140 | IceCv    | Entered an ice cave
 27459 | IceCv    | Reached skill level 15 in Stealth
 27914 | IceCv    | Noticed a frost giant
 28009 | IceCv    | Killed a frost giant
 28389 | D:13     | Noticed Nessos
 28394 | D:13     | Killed Nessos
 28570 | D:13     | Reached XP level 16. HP: 78/93 MP: 16/16
 28576 | D:13     | Noticed a tengu reaver
 28636 | D:13     | Reached skill level 1 in Throwing
 28645 | D:13     | Killed a tengu reaver
 29402 | Shoals:1 | Entered Level 1 of the Shoals
 29519 | Shoals:1 | Received a gift from Trog
 30211 | Shoals:2 | Found a blossoming altar of Fedhas.
 30298 | Shoals:2 | Received a gift from Trog
 30440 | Shoals:2 | Shot with a sling bullet by a faun

Action                   |  1- 3 |  4- 6 |  7- 9 | 10-12 | 13-15 | 16-18 || total
-------------------------+-------+-------+-------+-------+-------+-------++-------
Melee: Short sword       |    75 |   312 |   505 |    23 |       |       ||   915
       Rapier            |       |       |       |  1363 |  2696 |   339 ||  4398
       Quick blade       |       |       |       |   236 |       |       ||   236
 Fire: Blowgun           |       |       |       |    18 |    17 |    14 ||    49
Invok: Berserk           |     1 |     7 |     9 |    20 |    16 |     3 ||    56
       Trog's Hand       |       |     2 |     6 |    10 |    26 |     1 ||    45
       Brothers in Arms  |       |       |       |       |     8 |       ||     8
Evoke: Wand              |       |       |       |       |       |     1 ||     1
  Use: Potion            |     1 |       |       |       |     2 |     4 ||     7
       Scroll            |       |       |     6 |    21 |    10 |     5 ||    42
 Stab: Sleeping          |     1 |     1 |     3 |    20 |    78 |    11 ||   114
       Distracted        |       |       |       |     3 |     9 |     1 ||    13
       Invisible         |       |       |       |       |    13 |       ||    13
       Fleeing           |       |       |       |       |     3 |       ||     3
  Eat: Chunk             |     5 |    16 |    22 |    53 |    66 |     6 ||   168
